 Dungeon Crawl Stone Soup version 0.18-a0-1041-gbe91bf5 (webtiles) character file.

111091 4thArraOfDagon the Executioner (level 16, -4/166 HPs)
             Began as a Hill Orc Berserker on Jan 10, 2016.
             Was a High Priest of Trog.
             Slain by a redback (7 damage)
             ... on level 4 of the Spider Nest.
             The game lasted 01:10:39 (11214 turns).

4thArraOfDagon the Executioner (HOBe)              Turns: 11214, Time: 01:10:40

Health: -4/166     AC: 28    Str: 24 (25) XL:     16   Next: 21%
Magic:  7/7        EV:  5    Int: 12      God:    Trog [*****.]
Gold:   909        SH:  0    Dex: 10      Spells: 0 memorised, 15 levels left

rFire  . . .     SeeInvis .     I - +6 executioner's axe (antimagic)
rCold  . . .     Gourm    .     s - +0 plate armour
rNeg   . . .     Faith    .     (shield currently unavailable)
rPois  +         Spirit   .     e - +2 helmet
rElec  .         Dismiss  .     v - +1 cloak {rPois}
rCorr  .         Reflect  .     x - +2 pair of gloves
SustAt .         Harm     .     B - +0 pair of boots
MR     +++..                    R - amulet of Vitality {Regen+ HP+15}
Stlth  ..........               N - +3 ring of strength
                                S - +3 ring of slaying

@: confused, lethally poisoned (-4 -> -20), held, extremely resistant to hostile
enchantments, extremely unstealthy
A: blurry vision 1, deterioration 2, magic resistance 2
a: Berserk, Trog's Hand, Brothers in Arms, Burn Spellbooks, Renounce Religion
}: 1/15 runes: decaying


You were on level 4 of the Spider Nest.
You worshipped Trog.
Trog was extremely pleased with you.
You were not hungry.

You visited 5 branches of the dungeon, and saw 32 of its levels.
You also visited: Labyrinth, Ice Cave and Volcano.

You collected 2015 gold pieces.
You spent 1106 gold pieces at shops.

Inventory:

Hand Weapons
 I - a +6 antimagic executioner's axe (weapon)
 O - a +10 blowgun
 X - a +2 war axe of flaming
 Z - the +2 battleaxe of the Scroll {drain, MP+9 Str+5 Int-4}
   (You found it on level 7 of the Lair of Beasts)

   A truly terrible weapon, it drains the life of those it strikes.
   It affects your strength (+5).
   It affects your intelligence (-4).
   It affects your magic capacity (+9).
Missiles
 a - a throwing net (quivered)
 E - 5 tomahawks of dispersal
 Q - 5 curare-tipped needles
Armour
 e - a +2 helmet (worn)
 s - a +0 plate armour (worn)
 v - a +1 cloak of poison resistance (worn)
 x - a +2 pair of gloves (worn)
 B - a +0 pair of boots (worn)
Magical Staves
 W - an uncursed staff of energy {!a}
Rods
 V - a +0 iron rod (9/9)
   (You found it on level 3 of the Lair of Beasts)
Jewellery
 n - the ring "Kecaamaj" {+Blink rPois}
   (You bought it in a shop on level 2 of the Orcish Mines)

   [ring of poison resistance]

   It protects you from poison.
   It lets you blink.
 o - a +3 ring of intelligence
 q - an uncursed ring of see invisible
 L - an uncursed ring of protection from cold
 N - a +3 ring of strength (right hand)
 R - the amulet of Vitality (around neck) {Regen+ HP+15}
   (You found it on level 8 of the Lair of Beasts)

   [amulet of regeneration]

   It affects your health (+15).
   It increases your rate of regeneration.
 S - a +3 ring of slaying (left hand)
 U - an uncursed ring of flight
Wands
 b - a wand of digging (7/24)
 g - a wand of teleportation (0/9)
 l - a wand of heal wounds (6/9)
 r - a wand of digging (13/24)
 z - a wand of disintegration (11/24)
 H - a wand of cold (1/15)
 K - a wand of fire (2/15)
Scrolls
 h - 5 scrolls of identify
 i - 2 scrolls of fear
 k - 9 scrolls of remove curse
 p - a scroll of enchant armour
 w - 2 scrolls of fog
 A - 8 scrolls of teleportation
 G - 4 scrolls of noise
 P - 2 scrolls of magic mapping
Potions
 d - 3 potions of agility
 t - 2 potions of flight
 u - 3 potions of might
 y - a potion of cure mutation
 C - a potion of heal wounds
 F - a potion of magic
 M - 2 potions of haste
 T - a potion of cancellation
 Y - 2 potions of berserk rage
Books
 m - a book of the Earth

   Spells                             Type                      Level
   a - Leda's Liquefaction            Hexes/Earth                  4
   b - Bolt of Magma                  Conjuration/Fire/Earth       5
   c - Statue Form                    Transmutation/Earth          6
   d - Iron Shot                      Conjuration/Earth            6
   e - Shatter                        Earth                        9
   Trog disapproves of the use of such an item.
 D - a book of Party Tricks

   Spells                             Type                      Level
   a - Summon Butterflies             Summoning                    1
   b - Apportation                    Translocation                1
   c - Tukima's Dance                 Hexes                        3
   d - Alistair's Intoxication        Transmutation/Poison         5
   e - Invisibility                   Hexes                        6
   Trog disapproves of the use of such an item.
Comestibles
 c - 7 bread rations
 f - 6 meat rations
 J - 3 chunks of flesh


   Skills:
 + Level 15.8 Fighting
 * Level 22.1 Axes
 + Level 14.5 Armour
 + Level 5.4 Dodging
 - Level 9.1 Evocations


You had 15 spell levels left.
You didn't know any spells.

Dungeon Overview and Level Annotations

Branches:
Dungeon (14/15)            Temple (0/1) D:6            Lair (8/8) D:9
  Swamp (4/4) Lair:5       Spider (4/4) Lair:3          Orc (2/2) D:12
    Elf (0/3) Orc:2
  Slime: Lair:6-8    Vaults: D:13-14

Altars:
Cheibriados
Gozag
Okawaru
Qazlal
Xom
Yredelemnul
The Shining One

Shops:
Orc:2 ((=[:

Annotations:
D:5 Pikel
D:10 CipHuK's ghost, novice DrFi
D:12 2 runed doors
D:13 Urug
Spider:2 Aizul; Arachne


Innate Abilities, Weirdness & Mutations

Scrolls take you a little longer to read.
Your body often deteriorates upon taking damage.
You are highly resistant to hostile enchantments.


Message History

The jumping spider bites you but does no damage.
The wolf spider hits you.
* * * LOW HITPOINT WARNING * * *
The wolf spider bites you!
* * * LOW HITPOINT WARNING * * *
The redback bites you but does no damage.
The wolf spider hits you but does no damage.
The wolf spider bites you but does no damage.
The tarantella bites you but does no damage. x2
The tarantella bites you.
* * * LOW HITPOINT WARNING * * *
The redback bites you but does no damage.
The jumping spider pounces on you!
* * * LOW HITPOINT WARNING * * *
You are even more entangled.
The jumping spider bites you but does no damage.
The wolf spider barely misses you.
The wolf spider bites you but does no damage.
The redback bites you!
You die...

#..........##.
#....#.......##
##....s...#.....
#...............
#..............
##.............
#......s.).....
#...sss.......#
#...s@s........
?≈.....sss........
#.................
....).............
..................
..................
≈.................
...............


You could see 2 wolf spiders, 2 jumping spiders, 4 tarantellas and 2 redbacks.

Vanquished Creatures
  A bone dragon (Swamp:4)
  2 thorn hunters
  Kirke (Lair:8)
  An emperor scorpion (Spider:4)
  Nessos (D:12)
  Azrael (Orc:2)
  A minotaur (Lab)
  6 hydras
  A ghost crab (Swamp:4)
  Erica (Orc:1)
  3 alligators (Swamp:4)
  A centaur warrior (D:13)
  A death yak (Lair:8)
  3 orc high priests (Orc:2)
  Sonja (Lair:3)
  An unseen horror (D:12)
  2 spectral hydras (Swamp:4)
  3 swamp dragons
  3 hill giants
  2 phantasmal warriors (Swamp:4)
  5 orc knights (Orc:2)
  3 wolf spiders
  An orb spider (Spider:3)
  7 orc sorcerers
  2 cyclopes
  3 ugly things
  A manticore (D:11)
  3 griffons
  A toenail golem (Volcano)
  2 centaur zombies
  13 elephants
  2 molten gargoyles (Volcano)
  2 black mambas
  3 ice statues
  9 spiny frogs
  An efreet (Volcano)
  2 gargoyles
  A kobold demonologist (D:12)
  A yaktaur (D:12)
  9 ice devils (IceCv)
  11 komodo dragons
  3 demonic crawlers
  4 spriggan druids
  2 fire drakes
  A freezing wraith (D:12)
  6 jumping spiders
  5 swamp worm zombies (Swamp:4)
  5 hydra zombies (Swamp:4)
  A giant leech (Swamp:3)
  6 polar bears (Lair:8)
  2 trolls
  Prince Ribbit (D:8)
  3 slime creatures (Swamp:3)
  3 alligator zombies (Swamp:4)
  3 bog bodies (Swamp:4)
  4 spectral swamp dragons (Swamp:4)
  A boulder beetle (Lair:8)
  10 blink frogs
  3 shadows
  16 spriggans
  15 redbacks
  3 fire elementals
  7 tarantellas
  A wyvern (D:9)
  10 yaks
  12 hippogriffs
  8 basilisks
  4 hogs (Lair:8)
  18 wolves (Lair:8)
  10 vampire mosquitoes
  A mottled dragon (Lair:5)
  17 insubstantial wisps
  5 wargs
  16 swamp worms
  A soldier ant (D:13)
  4 hell hounds (Orc:2)
  5 water moccasins
  7 porcupines
  18 orc warriors
  3 black bears
  3 ice beasts
  7 swamp drakes
  6 phantoms
  An eye of draining (D:13)
  A necrophage (D:10)
  2 sky beasts
  6 ogres
  7 wasps
  2 swamp dragon zombies (Swamp:4)
  3 centaurs
  8 crocodiles
  A big kobold (D:8)
  17 giant frogs
  An earth elemental (Volcano)
  2 gnoll sergeants
  2 wyvern zombies
  A scorpion (D:9)
  6 wights
  An electric eel (Lair:5)
  A crimson imp (D:6)
  2 lava snakes (Volcano)
  A centaur skeleton (D:5)
  2 hounds
  10 orc priests
  A jelly (D:13)
  5 giant frog skeletons
  Jessica (D:2)
  4 iguanas
  20 orc wizards
  6 hell rats (Lair:3)
  A spectral swamp drake (Swamp:4)
  8 worker ants
  A sheep (Lair:8)
  15 gnolls
  5 adders
  58 river rats
  3 shadow imps
  5 white imps (IceCv)
  7 ufetubi (IceCv)
  An adder zombie (D:6)
  2 adder skeletons (D:4)
  2 worms
  7 giant geckos
  53 orcs
  A giant cockroach (D:4)
  2 goblins
  A hobgoblin (D:1)
  4 jackals (D:6)
  7 kobolds
  A quokka (D:10)
  A ball python (D:6)
  A bat (D:2)
  A giant gecko zombie (D:6)
  3 giant newts
  3 rats
  A fire vortex (Volcano)
  3 fungi (Lair:8)
  A plant (Lair:5)
690 creatures vanquished.

Vanquished Creatures (collateral kills)
  A spectral swamp dragon (Swamp:4)
  A phantom (Swamp:4)
2 creatures vanquished.

Vanquished Creatures (others)
  A vampire mosquito (Swamp:4)
  2 white imps (IceCv)
  3 ufetubi (IceCv)
  2 briar patches (Swamp:3)
  A bush (Lair:8)
  3 fungi
  9 toadstools (Swamp:3)
21 creatures vanquished.

Grand Total: 713 creatures vanquished

Notes
Turn   | Place    | Note
--------------------------------------------------------------
     0 | D:1      | 4thArraOfDagon the Hill Orc Berserker began the quest for the Orb.
     0 | D:1      | Reached XP level 1. HP: 19/19 MP: 1/1
   234 | D:2      | Noticed Jessica
   238 | D:2      | Killed Jessica
   238 | D:2      | Reached XP level 2. HP: 21/27 MP: 2/2
   238 | D:2      | Reached XP level 3. HP: 25/33 MP: 3/3
   397 | D:3      | Reached skill level 7 in Fighting
   397 | D:3      | Reached skill level 10 in Axes
   397 | D:3      | Reached XP level 4. HP: 39/47 MP: 4/4
   398 | D:3      | Reached skill level 13 in Axes
   398 | D:3      | Reached XP level 5. HP: 45/57 MP: 5/5
   494 | D:3      | Found a stormy altar of Qazlal.
   496 | D:3      | Noticed an air elemental
   497 | D:3      | Noticed a fire elemental
   497 | D:3      | Noticed a water elemental
   721 | D:5      | Entered Level 5 of the Dungeon
   723 | D:5      | Noticed a slave
   723 | D:5      | Noticed a slave
   724 | D:5      | Noticed a slave
   725 | D:5      | Noticed Pikel
   815 | D:5      | Noticed an ice beast
   821 | D:5      | Killed an ice beast
   821 | D:5      | Reached XP level 6. HP: 63/63 MP: 6/6
   905 | D:5      | Noticed a sky beast
   964 | D:5      | Killed a sky beast
   964 | D:5      | Reached XP level 7. HP: 60/70 MP: 7/7
  1049 | D:5      | Gained mutation: You have large cloven feet. [mutagenic meat]
  1050 | D:5      | Gained mutation: Scrolls take you a little longer to read. [mutagenic meat]
  1051 | D:5      | Gained mutation: Your body sometimes deteriorates upon taking damage. [mutagenic meat]
  1052 | D:5      | Gained mutation: You have a pair of small horns on your head. [mutagenic meat]
  1053 | D:5      | Gained mutation: You are resistant to hostile enchantments. [mutagenic meat]
  1242 | D:6      | Reached ** piety under Trog
  1343 | D:6      | Gained mutation: You are highly resistant to hostile enchantments. [mutagenic meat]
  1344 | D:6      | Gained mutation: You are clumsy. (Dex -2) [mutagenic meat]
  1345 | D:6      | Lost mutation: You have a pair of small horns on your head. [mutagenic meat]
  1387 | D:6      | Found a snail-covered altar of Cheibriados.
  1402 | D:6      | Reached XP level 8. HP: 44/78 MP: 8/8
  1578 | D:7      | Found an opulent altar of Gozag.
  1595 | D:7      | Found a basalt altar of Yredelemnul.
  1595 | D:7      | Found a glowing golden altar of the Shining One.
  1794 | D:8      | Noticed Prince Ribbit
  1807 | D:8      | Killed Prince Ribbit
  1807 | D:8      | Reached skill level 14 in Axes
  1818 | D:9      | Noticed a wyvern
  1819 | D:9      | Noticed a yak
  1821 | D:9      | Noticed a yak
  1824 | D:9      | Noticed a yak
  1825 | D:9      | Killed a wyvern
  1825 | D:9      | Reached XP level 9. HP: 71/85 MP: 9/9
  1830 | D:9      | Reached skill level 10 in Fighting
  1831 | D:9      | Reached skill level 1 in Evocations
  1845 | D:9      | Reached *** piety under Trog
  2315 | D:9      | Noticed a hill giant
  2329 | D:9      | Killed a hill giant
  2329 | D:9      | Reached XP level 10. HP: 42/94 MP: 10/12
  2368 | D:10     | Entered Level 10 of the Dungeon
  2495 | D:10     | Reached skill level 15 in Axes
  2538 | D:11     | Noticed a manticore
  2549 | D:11     | Reached **** piety under Trog
  2554 | D:11     | Killed a manticore
  2574 | D:11     | Noticed a gargoyle
  2600 | D:11     | Killed a gargoyle
  2620 | D:11     | Noticed a red ugly thing
  2637 | D:11     | Killed a red ugly thing
  2701 | D:12     | Found a large runed door.
  2701 | D:12     | Found a large runed door.
  2706 | D:12     | Noticed a cyclops
  2712 | D:12     | Killed a cyclops
  2716 | D:12     | Noticed a hill giant
  2838 | D:12     | Found a frozen archway.
  2838 | D:12     | Noticed an ice statue
  2852 | D:12     | Reached XP level 11. HP: 86/102 MP: 13/13
  2887 | IceCv    | Entered an ice cave
  3022 | IceCv    | Reached skill level 10 in Armour
  3158 | IceCv    | Reached skill level 16 in Axes
  3535 | D:12     | Noticed Nessos
  3556 | D:13     | Reached skill level 5 in Evocations
  3711 | D:13     | Noticed a centaur warrior
  3712 | D:13     | Noticed Urug
  3723 | D:13     | Killed a centaur warrior
  3738 | D:13     | Noticed a cyclops
  3930 | D:13     | Reached XP level 12. HP: 112/112 MP: 16/16
  4037 | D:12     | Found a large runed door.
  4037 | D:12     | Found a large runed door.
  4045 | D:12     | Found a staircase to the Orcish Mines.
  4119 | D:12     | Reached skill level 17 in Axes
  4220 | Orc:1    | Entered Level 1 of the Orcish Mines
  4259 | Orc:2    | Entered Level 2 of the Orcish Mines
  4425 | Orc:1    | Noticed Erica
  4516 | Orc:2    | Found Cozxeq's Book Shoppe.
  4536 | Orc:2    | Found a staircase to the Elven Halls.
  4590 | Orc:2    | Found an iron altar of Okawaru.
  4816 | Orc:2    | Noticed Azrael
  4863 | Orc:2    | Killed Azrael
  5061 | Orc:2    | Noticed an orc high priest
  5094 | Orc:2    | Killed an orc high priest
  5158 | Orc:2    | Noticed an orc high priest
  5172 | Orc:2    | Killed an orc high priest
  5299 | Orc:2    | Reached skill level 18 in Axes
  5429 | Orc:2    | Reached XP level 13. HP: 106/119 MP: 18/18
  5582 | Orc:2    | Found Gabbeemn's Weapon Shoppe.
  5623 | Orc:2    | Found Wetzahoff's Jewellery Shop.
  5629 | Orc:2    | Found Nuofupp's Armour Shop.
  5631 | Orc:2    | Found Iher's Weapon Shoppe.
  5652 | Orc:2    | Bought the ring "Kecaamaj" {+Blink rPois} for 476 gold pieces
  5789 | Orc:1    | Killed Erica
  6049 | Orc:2    | Bought a +3 ring of slaying for 630 gold pieces
  6137 | D:12     | Killed Nessos
  6440 | D:10     | Noticed CipHuK's ghost (novice DrFi)
  6574 | D:9      | Found a staircase to the Lair.
  6610 | Lair:1   | Entered Level 1 of the Lair of Beasts
  6801 | Lair:2   | Reached ***** piety under Trog
  6838 | Lair:3   | Found a hole to the Spider Nest.
  6976 | Lair:3   | Found a dark tunnel.
  7000 | Volcano  | Entered a volcano
  7057 | Volcano  | Found a bloodstained altar of Trog.
  7080 | Volcano  | Reached skill level 19 in Axes
  7197 | Volcano  | Kolbur: +10 blowgun... wat
  7205 | Volcano  | 4thArraOfDagon: yea...
  7225 | Lair:3   | Noticed Sonja
  7239 | Lair:3   | Killed Sonja
  7335 | Lair:4   | Kolbur: train some throwing to get needle gifts?
  7401 | Lair:3   | Kolbur: with a +10 blowgun it should be quite easy to use effect needles
  7564 | Lair:5   | 4thArraOfDagon: i need better waepon
  7564 | Lair:5   | 4thArraOfDagon: :(
  7569 | Lair:5   | 4thArraOfDagon: can kill mamba without zerk
  7642 | Lair:4   | Gained mutation: Your body often deteriorates upon taking damage. [potion of mutation]
  7642 | Lair:4   | Lost mutation: You have large cloven feet. [potion of mutation]
  7642 | Lair:4   | Lost mutation: You are clumsy. (Dex -2) [potion of mutation]
  7724 | Lair:4   | Kolbur: well you had deep red drain ^^
  7739 | Lair:4   | Reached XP level 14. HP: 77/130 MP: 20/20
  7816 | Lair:5   | 4thArraOfDagon: im constantly poisoned
  7816 | Lair:5   | 4thArraOfDagon: and hp<30%
  7827 | Lair:5   | 4thArraOfDagon: no armor, no weapon...
  8119 | Lair:7   | Found a labyrinth entrance.
  8175 | Lab      | Entered a labyrinth
  8185 | Lab      | 4thArraOfDagon: this is my last hope
  8424 | Lab      | Received a gift from Trog
  8600 | Lab      | Found an exit through the horrors of the Abyss.
  8707 | Lab      | 4thArraOfDagon: nope :(
  8715 | Lab      | Got a slimy hand axe
  8716 | Lab      | Identified the +4 hand axe of the Stoat {venom, MP+9 Str+3 Int+6} (You found it in a labyrinth)
  8717 | Lab      | Kolbur: slimy hand axe maybe
  8717 | Lab      | 4thArraOfDagon: yea sure
  8736 | Lair:7   | Got an encrusted battleaxe
  8737 | Lair:7   | Identified the +2 battleaxe of the Scroll {drain, MP+9 Str+5 Int-4} (You found it on level 7 of the Lair of Beasts)
  8738 | Lair:7   | Kolbur: lol
  8738 | Lair:7   | 4thArraOfDagon: what
  8738 | Lair:7   | 4thArraOfDagon: still crap
  8752 | Lair:8   | Entered Level 8 of the Lair of Beasts
  8807 | Lair:8   | Kolbur: was funny that it lies outside of lab
  8807 | Lair:8   | 4thArraOfDagon: i need armor anyway
  8845 | Lair:8   | Kolbur: that axe is good enough for lair and branches
  8870 | Lair:7   | Kolbur: until trog gifts you something better
  8919 | Lair:7   | 4thArraOfDagon: i need armor
  8919 | Lair:7   | 4thArraOfDagon: you will see why i will die
  8953 | Lair:8   | Found a basalt altar of Yredelemnul.
  9006 | Lair:8   | Reached skill level 20 in Axes
  9082 | Lair:8   | Received a gift from Trog
  9250 | Lair:8   | Identified a scroll of acquirement
  9256 | Lair:8   | 4thArraOfDagon: wasted again
  9345 | Lair:8   | Noticed Kirke
  9355 | Lair:8   | Killed Kirke
  9508 | Lair:7   | Reached XP level 15. HP: 139/139 MP: 21/21
  9557 | Lair:7   | Received a gift from Trog
  9635 | Lair:6   | Found a shimmering altar of Xom.
  9785 | Lair:5   | Found a staircase to the Swamp.
  9817 | Swamp:1  | Entered Level 1 of the Swamp
  9944 | Swamp:3  | Reached skill level 21 in Axes
 10011 | Swamp:3  | Reached skill level 15 in Fighting
 10028 | Swamp:4  | Entered Level 4 of the Swamp
 10096 | Swamp:3  | 4thArraOfDagon: bbl
 10226 | Swamp:4  | Reached ****** piety under Trog
 10248 | Swamp:4  | Noticed a thorn hunter
 10257 | Swamp:4  | Killed a thorn hunter
 10390 | Swamp:4  | wow
 10391 | Swamp:4  | jacquesderrida: I will accompany you, dagen
 10391 | Swamp:4  | jacquesderrida: In this journey
 10428 | Swamp:4  | 4thArraOfDagon: oke
 10428 | Swamp:4  | 4thArraOfDagon: let go
 10428 | Swamp:4  | 4thArraOfDagon: lets
 10428 | Swamp:4  | jacquesderrida: never let go
 10428 | Swamp:4  | jacquesderrida: always lets go
 10646 | Swamp:4  | Noticed a bone dragon
 10669 | Swamp:4  | Killed a bone dragon
 10740 | Swamp:4  | Got a decaying rune of Zot
 10819 | Swamp:3  | Noticed a thorn hunter
 10831 | Swamp:3  | Reached skill level 5 in Dodging
 10847 | Swamp:3  | Killed a thorn hunter
 10847 | Swamp:3  | Reached XP level 16. HP: 148/148 MP: 8/22
 10975 | Spider:1 | Entered Level 1 of the Spider Nest
 11017 | Spider:2 | Noticed Arachne
 11017 | Spider:2 | Noticed Aizul
 11032 | Spider:2 | You fall through a shaft!
 11059 | Spider:3 | Reached skill level 22 in Axes
 11118 | Spider:4 | Entered Level 4 of the Spider Nest
 11214 | Spider:4 | 4thArraOfDagon: dead
 11214 | Spider:4 | HP: 3/166 [jumping spider (11)]
 11214 | Spider:4 | Slain by a redback

Vault maps used:
D:1:      saegor_arrival_under_anarchy
D:2:      grunt_decor_fettered, uniq_jessica, uniq_crazy_yiuf_cottage,
          uniq_robin
D:3:      first_bread, nicolae_qazlal_style_of_elements
D:4:      fedhas_altar_3
D:5:      nemelex_altar_shiori, serial_shops, shop, uniq_pikel, uniq_edmund
D:6:      nicolae_overflow_hidden_temple, temple_statues,
          minmay_misc_feat_hallway, kennysheep_generic_room_9
D:7:      gammafunk_temple_overflow_forgotten, grunt_gozag_statues
D:8:      makhleb_grotto_becter, uniq_prince_ribbit1
D:9:      erik_lair_dragon
D:11:     serial_undead, serial_undead_c, serial_undead_c, serial_undead_a,
          serial_undead_c, grunt_pizzeria
D:12:     orc_0_dummy, portal_ice_cave_entry_ice_statue_01,
          minmay_item_behind_shaft, minmay_hollow_rounded_squares, uniq_nessos
D:13:     erik_vaults_1, uniq_urug
Lair:2:   st_stairs_12, serial_bayou_shore_b
Lair:3:   spider_nest_entry_webs, nicolae_volcano_entry_lava_flow, uniq_sonja
Lair:4:   lemuel_fruit_fields
Lair:5:   minmay_swamp_entry_swarm, guppyfry_lair_drakes
Lair:6:   beast_lair_carwin_large_3, basic_altar, kennysheep_basilisk_garden
Lair:7:   minmay_slime_entry_oklob_open, lab_entry_generic
Lair:8:   minmay_lair_end_enchanted_forest, basic_altar, grunt_megastairs_4,
          uniq_kirke
Swamp:1:  evilmike_swamp_ruin_rubble_1
Swamp:2:  hangedman_swamp_ruin_hall
Swamp:3:  cheibrodos_swamp_tower_of_moss, evilmike_swamp_ruin_wall, uniq_donald
Swamp:4:  swamp_pestilence, swamp_pool3
Spider:1: spider_trap, uniq_frances
Spider:2: uniq_arachne, uniq_aizul, uniq_asterion
Spider:4: grunt_spider_rune_circles, nicolae_arachne_temple, uniq_louise
Orc:1:    uniq_erica
Orc:2:    st_orc_elflike, serial_shops, shop, okawaru_metal_pillars_1_2,
          uniq_azrael
Lab:      nicolae_lab_big_swirl, labyrinth_baited_teleportation_trap,
          nicolae_lab_arrow, labyrinth_fake_exit
IceCv:    ice_cave_small_demon
Volcano:  volcano_lake

Action                   |  1- 3 |  4- 6 |  7- 9 | 10-12 | 13-15 | 16-18 || total
-------------------------+-------+-------+-------+-------+-------+-------++-------
Melee: Hand axe          |    21 |    60 |    35 |       |       |       ||   116
       War axe           |       |       |   218 |   600 |   168 |     4 ||   990
       Battleaxe         |       |       |       |    39 |   862 |    15 ||   916
       Executioner's axe |       |       |       |       |    92 |    67 ||   159
Invok: Berserk           |     2 |       |     5 |    27 |    22 |     1 ||    57
       Trog's Hand       |       |       |     2 |    32 |    26 |     6 ||    66
       Burn Spellbooks   |       |       |       |       |     3 |       ||     3
       Brothers in Arms  |       |       |       |       |     1 |       ||     1
 Abil: Evoke Flight      |       |       |       |       |     1 |       ||     1
Evoke: Wand              |       |     4 |     2 |    10 |    25 |     5 ||    46
  Use: Potion            |     3 |     1 |       |     1 |     2 |     3 ||    10
       Scroll            |     2 |     3 |     7 |     6 |    30 |       ||    48
  Eat: Chunk             |       |     2 |    20 |    26 |    29 |     3 ||    80
       Meat ration       |       |       |       |     3 |     1 |       ||     4
       Beef jerky        |       |       |       |     2 |     1 |       ||     3
       Royal jelly       |       |       |       |       |     2 |       ||     2
       Bread ration      |       |       |       |       |     1 |       ||     1
       Fruit             |       |       |       |       |     4 |       ||     4
       Pizza             |       |       |       |       |     1 |       ||     1
